 Dungeon Crawl Stone Soup version 0.19.4-9-g45fd643 (webtiles) character file.

6821 Kosschaser the Covert (level 11, 0/56 HPs)
             Began as a Vine Stalker Assassin on Feb 19, 2017.
             Was a Priest of Dithmenos.
             Shot with an arrow by a centaur (2 damage)
             ... on level 11 of the Dungeon.
             The game lasted 00:36:37 (8216 turns).

Kosschaser the Covert (Vine Stalker Assassin)       Turns: 8216, Time: 00:36:38

Health: 0/56       AC: 12    Str: 13    XL:     11   Next: 5%
Magic:  0/12       EV: 15    Int: 13    God:    Dithmenos [***...]
Gold:   521        SH:  0    Dex: 20    Spells: 1 memorised, 8 levels left

rFire  + + .     SeeInvis .     L - +4 short sword of the Dwarven Hall {pierce, rN+}
rCold  . . .     Gourm    .     T - +3 leather armour
rNeg   + . .     Faith    +     (no shield)
rPois  .         Spirit   +     A - +1 helmet of Jucwir {rF++ Int+2}
rElec  .         Reflect  .     t - +2 cloak
rCorr  .         Harm     .     R - +0 pair of gloves
MR     +....                    a - +1 pair of boots
Stlth  +++++++++.               l - amulet of faith
                                Q - -2 ring of protection (curse)
                                s - ring of stealth

@: wreathed by umbra, studying Air Magic
A: fangs 3, regeneration 1, magic shield, antimagic bite, no device heal 3, rot
immunity
a: Shadow Step, Renounce Religion


You were on level 11 of the Dungeon.
You worshipped Dithmenos.
Dithmenos was most pleased with you.
You were very hungry.

You visited 2 branches of the dungeon, and saw 12 of its levels.

You collected 561 gold pieces.
You spent 40 gold pieces at shops.

Inventory:

Hand Weapons
 b - a +0 blowgun
 L - the +4 short sword of the Dwarven Hall (weapon) {pierce, rN+}
   (You found it on level 7 of the Dungeon)

   It inflicts extra damage upon your enemies.
   It protects you from negative energy.
Missiles
 e - 41 poisoned needles
 f - a curare-tipped needle
 k - 3 javelins (quivered)
Armour
 a - a +1 pair of boots (worn)
 t - a +2 cloak (worn)
 A - the +1 helmet of Jucwir (worn) {rF++ Int+2}
   (You found it on level 4 of the Dungeon)

   It affects your intelligence (+2).
   It greatly protects you from fire.
 R - a +0 pair of gloves (worn)
 T - a +3 leather armour (worn)
Jewellery
 i - an uncursed ring of stealth
 l - an amulet of faith (around neck)
 s - a ring of stealth (left hand)
 w - an uncursed ring of resist corrosion
 J - an uncursed ring of protection from magic
 Q - a cursed -2 ring of protection (right hand)
 V - an uncursed ring of see invisible {unknown}
Wands
 F - a wand of acid (5/15)
 O - a wand of lightning (3/15)
 U - a wand of slowing (17/48)
 W - a wand of slowing (28/48)
Scrolls
 p - 2 scrolls of magic mapping
 q - 2 scrolls of teleportation
 v - a scroll of immolation {unknown}
 y - a scroll of enchant weapon
 E - 4 scrolls of amnesia
 K - a scroll of enchant armour
Potions
 c - a potion of resistance {unknown}
 d - 2 potions of cancellation {unknown}
 j - a potion of brilliance
 n - 3 potions of curing {unknown}
 o - 2 potions of lignification {unknown}
 x - 2 potions of berserk rage
 B - a potion of invisibility {unknown}
 C - a potion of cure mutation {unknown}
 I - 4 potions of magic {unknown}
 M - 4 potions of agility {unknown}
Books
 r - a book of Cantrips

   Spells                             Type                      Level
   a - Confusing Touch                Hexes                        1
   b - Animate Skeleton               Necromancy                   1
   c - Summon Small Mammal            Summoning                    1
   d - Apportation                    Translocation                1
 H - a manual of Air Magic
 N - a book of Debilitation

   Spells                             Type                      Level
   a - Corona                         Hexes                        1
   b - Slow                           Hexes                        2
   c - Gell's Gravitas                Hexes/Translocation          3
   d - Inner Flame                    Hexes/Fire                   3
   e - Cause Fear                     Hexes                        4
   f - Leda's Liquefaction            Hexes/Earth                  4
Comestibles
 g - 4 bread rations
 h - 2 fruits
 m - 5 meat rations
 G - 2 beef jerkies


   Skills:
 + Level 5.4 Fighting
 + Level 8.5 Short Blades
 + Level 2.7 Throwing
 + Level 1.1 Armour
 + Level 5.0 Dodging
 + Level 14.1 Stealth
 + Level 0.2 Hexes
 + Level 0.2 Invocations


You had 8 spell levels left.
You knew the following spells:

 Your Spells              Type           Power        Failure   Level  Hunger
a - Slow                  Hex            #.......     63%         2    ###....


Dungeon Overview and Level Annotations

Branches:
Dungeon (11/15)            Temple (1/1) D:5            Lair (0/6) D:9
    Orc (0/2) D:11

Altars:
Ashenzari
Cheibriados
Dithmenos
Elyvilon
Fedhas
Gozag
Kikubaaqudgha
Makhleb
Nemelex Xobeh
Okawaru
Qazlal
Ru
Sif Muna
Trog
Uskayaw
Vehumet
Xom
Yredelemnul
The Shining One
Beogh

Shops:
D:4 ?   D:11 %

Annotations:
D:11 Psyche


Innate Abilities, Weirdness & Mutations

You have razor-sharp teeth.
Your natural rate of healing is unusually fast.
When hurt, damage is shared between your health and your magic reserves.
Your bite disrupts and absorbs the magic of your enemies.
Potions and wands cannot restore your health.
You are immune to rotting.


Message History

* * * LOW HITPOINT WARNING * * *
The centaur wields a shortbow.
The centaur shoots an arrow.
The arrow hits you but does no damage.
The yak bellows!
You see here 2 arrows.
The centaur shoots an arrow.
The arrow closely misses you. Psyche casts a spell at you.
The magic dart hits you!
* * * LOW HITPOINT WARNING * * *
The centaur shoots an arrow.
The arrow closely misses you.
Found an arrow.
Found a stone staircase leading down.
You see here an arrow.
Okay, then.
As you read the scroll of fog, it crumbles to dust.
The scroll dissolves into smoke.
The centaur shoots an arrow.
The arrow barely misses you. Psyche barely misses you.
The hill giant barely misses you.
You hear a bellow!
The centaur shoots an arrow.
The arrow hits you.
You die...

#. #.#####
#.#.####...... .
##.[..§§§.(.... .
##....##§######.
##..Y#Y##§# #.
#......##§# #.
##§.#.#.(§§# ##
###.###cc§§.#.####
#.....§§@C§...#
....##@####### .
#§# #># ..# ...
#... .... .....


You could see a hill giant, Psyche and 2 centaurs.

Vanquished Creatures
  2 hill giants (D:10)
  Pikel (D:7)
  A troll (D:9)
  Grinder (D:6)
  3 hippogriffs
  4 yaks (D:9)
  Eustachio (D:5)
  A wyvern (D:9)
  Menkaure (D:5)
  Edmund (D:5)
  5 orc warriors
  7 centaurs
  2 phantoms (D:5)
  The ghost of Zleub the Charmwright, an amateur HESk (D:3)
  A crocodile (D:11)
  A big kobold (D:9)
  6 bullfrogs
  A wyvern skeleton (D:6)
  2 scorpions
  6 killer bees
  3 wights (D:6)
  A howler monkey (D:5)
  4 crimson imps
  2 orc priests
  A bullfrog skeleton (D:8)
  3 centaur skeletons
  3 hounds
  3 jellies
  8 orc wizards
  3 worker ants
  7 gnolls
  7 adders
  A shadow imp (D:3)
  2 oozes
  3 dart slugs
  7 leopard geckos
  33 orcs
  A ball python (D:2)
  6 bats
  4 giant cockroaches
  8 goblins
  6 hobgoblins
  10 jackals
  4 quokkas
  4 frilled lizards
  9 kobolds
  A quokka skeleton (D:9)
  3 rats
195 creatures vanquished.

Notes
Turn   | Place    | Note
-------+----------+-------------------------------------------
     0 | D:1      | Kosschaser the Vine Stalker Assassin began the quest for the Orb.
     0 | D:1      | Reached XP level 1. HP: 11/11 MP: 2/2
    44 | D:1      | Reached skill level 5 in Stealth
    51 | D:1      | Reached XP level 2. HP: 15/15 MP: 3/3
   526 | D:1      | Reached XP level 3. HP: 18/18 MP: 4/4
   810 | D:2      | Reached skill level 6 in Stealth
   854 | D:2      | Reached skill level 1 in Dodging
  1007 | D:2      | Found a faded altar of an unknown god.
  1153 | D:2      | Gained mutation: Your natural rate of healing is unusually fast. [Vine Stalker growth]
  1153 | D:2      | Reached XP level 4. HP: 21/23 MP: 5/5
  1195 | D:2      | Found a blossoming altar of Fedhas.
  1312 | D:2      | Found a shimmering altar of Xom.
  1517 | D:3      | Noticed Zleub's ghost (amateur HESk)
  1894 | D:3      | Reached XP level 5. HP: 10/26 MP: 1/6
  1976 | D:3      | Killed Zleub's ghost
  1976 | D:3      | Reached skill level 7 in Stealth
  2223 | D:4      | Found a bloodstained altar of Trog.
  2223 | D:4      | Found a burning altar of Makhleb.
  2374 | D:4      | Found Zakash's Magic Scroll Shop.
  2385 | D:4      | Bought a scroll of identify for 20 gold pieces
  2385 | D:4      | Bought a scroll of fog for 20 gold pieces
  2555 | D:4      | Got a faintly humming helmet
  2566 | D:4      | Identified the +1 helmet of Jucwir {rF++ Int+2} (You found it on level 4 of the Dungeon)
  2646 | D:4      | Reached XP level 6. HP: 31/31 MP: 7/7
  2959 | D:5      | Entered Level 5 of the Dungeon
  3003 | D:5      | Noticed Edmund
  3011 | D:5      | Killed Edmund
  3044 | D:5      | Reached skill level 8 in Stealth
  3044 | D:5      | Reached XP level 7. HP: 35/35 MP: 8/8
  3069 | D:5      | Noticed Menkaure
  3114 | D:5      | Killed Menkaure
  3196 | D:5      | Noticed Eustachio
  3201 | D:5      | Killed Eustachio
  3201 | D:5      | Reached skill level 9 in Stealth
  3230 | D:5      | Found a staircase to the Ecumenical Temple.
  3271 | Temple   | Entered the Ecumenical Temple
  3278 | Temple   | Became a worshipper of Dithmenos the Shadowed
  3430 | D:5      | Gained mutation: You have razor-sharp teeth. [Vine Stalker growth]
  3430 | D:5      | Reached XP level 8. HP: 25/40 MP: 5/9
  4104 | D:6      | Found a shattered altar of Ashenzari.
  4104 | D:6      | Noticed Grinder
  4130 | D:6      | Killed Grinder
  4130 | D:6      | Reached skill level 5 in Short Blades
  4130 | D:6      | Reached skill level 10 in Stealth
  4494 | D:6      | Reached * piety under Dithmenos
  4915 | D:7      | Reached XP level 9. HP: 44/44 MP: 10/10
  5000 | D:7      | Got a dazzling short sword
  5003 | D:7      | Identified the +4 short sword of the Dwarven Hall {pierce, rN+} (You found it on level 7 of the Dungeon)
  5134 | D:7      | Reached skill level 11 in Stealth
  5256 | D:7      | Found a glowing golden altar of the Shining One.
  5262 | D:7      | Noticed Pikel
  5279 | D:7      | Killed Pikel
  5420 | D:7      | Identified a scroll of acquirement
  5692 | D:8      | Reached ** piety under Dithmenos
  5703 | D:8      | Learned a level 2 spell: Slow
  5888 | D:8      | Noticed a two-headed ogre
  5959 | D:9      | Found a staircase to the Lair.
  6036 | D:9      | Reached skill level 12 in Stealth
  6210 | D:9      | Reached XP level 10. HP: 43/51 MP: 9/11
  6428 | D:9      | Found a roughly hewn altar of Beogh.
  6558 | D:9      | Reached *** piety under Dithmenos
  6681 | D:9      | Reached skill level 13 in Stealth
  6897 | D:10     | Entered Level 10 of the Dungeon
  7201 | D:10     | Noticed a hill giant
  7211 | D:10     | Killed a hill giant
  7211 | D:10     | Reached skill level 5 in Fighting
  7451 | D:10     | Noticed a hill giant
  7454 | D:10     | Killed a hill giant
  7883 | D:11     | Found a staircase to the Orcish Mines.
  7919 | D:11     | Found Ubiosysmiza's Food Shoppe.
  7990 | D:11     | Reached skill level 14 in Stealth
  7990 | D:11     | Reached XP level 11. HP: 43/56 MP: 12/12
  8001 | D:11     | Reached skill level 5 in Dodging
  8030 | D:11     | Reached skill level 1 in Armour
  8166 | D:11     | Noticed a hill giant
  8208 | D:11     | Noticed Psyche
  8214 | D:11     | HP: 1/56 [Psyche/magic dart (7)]
  8216 | D:11     | Shot with an arrow by a centaur

Skill      XL: |  1  2  3  4  5  6  7  8  9 10 11 |
---------------+----------------------------------+-----
Stealth        | 5 6 7 8 9 10 12 14 | 14.1
Short Blades   | 2 3 4 5 7 8 |  8.5
Dodging        | 1 2 3 4 5 |  5.0
Fighting       | 2 3 4 5 |  5.4
Throwing       | 2 |  2.7
Armour         | 1 |  1.1
Hexes          | |  0.2
Invocations    | |  0.2

Action                   |  1- 3 |  4- 6 |  7- 9 | 10-12 || total
-------------------------+-------+-------+-------+-------++-------
Melee: Dagger            |    74 |   130 |    61 |       ||   265
       Bite              |    18 |    40 |    98 |    53 ||   209
       Rapier            |       |       |   159 |       ||   159
       Short sword       |       |       |    97 |   183 ||   280
 Fire: Blowgun           |       |    13 |     3 |       ||    16
Throw: Throwing net      |       |       |       |     1 ||     1
 Cast: Slow              |       |       |       |     4 ||     4
Invok: Shadow Step       |       |       |       |     1 ||     1
  Use: Scroll            |       |     6 |     7 |     6 ||    19
 Stab: Sleeping          |    11 |     8 |    19 |    13 ||    51
       Distracted        |       |       |     1 |       ||     1
       Held in net/web   |       |       |       |     1 ||     1
  Eat: Chunk             |     1 |     5 |    11 |     3 ||    20
       Pizza             |       |       |       |     2 ||     2
Armor: Robe              |    24 |    27 |    60 |    28 ||   139
       Leather armour    |       |       |       |    21 ||    21
Dodge: Dodged            |    36 |    69 |   201 |   149 ||   455
